[Event "Titled Tuesday Blitz July 25 Early 2023"]
[White "Vovk, Orest"]
[Black "TomLiu777"]
[WhiteFideId "14113490"]
[WhiteElo "2571"]
[BlackElo "2403"]
[Result "1-0"]
[Round "10"]
[TimeControl "180+2"]
[Date "2023.07.25"]
[WhiteClock "0:00:26"]
[BlackClock "0:00:00"]
[Board "79"]

1. g4 d5 2. h3 e5 3. Bg2 h5 4. g5 Qxg5 5. Bxd5 Qd8 6. Bb3 Nc6 7. d3 Bc5 8. Nf3 Qe7 9. Nc3 Be6 10. Nd5 Bxd5 11. Bxd5 Bxf2+ 12. Kf1 Bb6 13. Bxc6+ bxc6 14. c3 Nf6 15. Bg5 Qe6 16. Qb3 Nd5 17. e4 Nf4 18. Bxf4 exf4 19. Qxe6+ fxe6 20. Rh2 O-O-O 21. Ke2 g5 22. Nxg5 h4 23. Nf7 f3+ 24. Kd2 Rhg8 25. Nxd8 Kxd8 26. d4 c5 27. Rf1 Rg2+ 28. Rxg2 fxg2 29. Rf8+ Ke7 30. Rg8 cxd4 31. Rxg2 dxc3+ 32. bxc3 c6 33. Ke2 Bc7 34. Rg7+ Kd8 35. Rh7 Bg3 36. Rxa7 Bc7 37. Kf3 Bb6 38. Rh7 Ba5 39. c4 Be1 40. a4 Kc8 41. Ke2 Kd8 42. Kxe1 1-0


[Site "https://www.chess.com"]

[Event "Titled Tuesday Blitz July 25 Early 2023"]
[White "Smiechu"]
[Black "Thecourseoisildur"]
[WhiteElo "2386"]
[BlackElo "2565"]
[Result "0-1"]
[Round "10"]
[TimeControl "180+2"]
[Date "2023.07.25"]
[WhiteClock "0:00:27"]
[BlackClock "0:00:11"]
[Board "80"]

1. e4 c5 2. Nf3 e6 3. d4 cxd4 4. Nxd4 Nf6 5. Nc3 Nc6 6. a3 Be7 7. Be3 O-O 8. Bd3 d5 9. exd5 Nxd5 10. Nxd5 Qxd5 11. O-O Bf6 12. Nxc6 Qxc6 13. c3 b6 14. Qc2 Bb7 15. f3 h6 16. Be4 Qc7 17. Rad1 Rad8 18. Bxb7 Qxb7 19. Rxd8 Rxd8 20. Rd1 Rxd1+ 21. Qxd1 Be7 22. Qd3 b5 23. Qd4 a6 24. Qb6 Qd5 25. Qd4 Qb3 26. Qd2 Qa2 27. h3 h5 28. Qd7 Bf8 29. Qd8 Qb1+ 30. Kh2 Qf5 31. Bf2 g6 32. b4 Kg7 33. Bd4+ e5 34. Be3 Qe6 35. Bh6+ Kxh6 36. Qxf8+ Kh7 37. Qc5 Qf6 38. Kg1 Qf4 39. Qd5 Kg7 40. Qd3 Qc1+ 41. Kh2 Qxa3 42. Qe3 f6 43. Qa7+ Kh6 44. Qe3+ g5 45. Qb6 Kg6 46. Qc6 Qc1 47. Qe4+ Kf7 48. Qb7+ Kg6 49. Qe4+ Kh6 50. Qf5 Qf4+ 51. Qxf4 gxf4 52. Kg1 h4 53. Kf2 f5 54. Ke2 e4 55. Kd2 Kg6 56. c4 bxc4 57. Kc3 e3 0-1


[Site "https://www.chess.com"]

[Event "Titled Tuesday Blitz July 25 Early 2023"]
[White "Peiris, T G M"]
[Black "Santos Flores, Alberto"]
[WhiteFideId "9901310"]
[BlackFideId "3601234"]
[WhiteElo "2375"]
[BlackElo "2532"]
[Result "0-1"]
[Round "10"]
[TimeControl "180+2"]
[Date "2023.07.25"]
[WhiteClock "0:01:36"]
[BlackClock "0:01:45"]
[Board "81"]

1. e4 e6 2. f4 d5 3. e5 c5 4. Nf3 Nc6 5. c3 Bd7 6. d4 cxd4 7. cxd4 Qb6 8. Nc3 Nh6 9. Na4 Qa5+ 10. Bd2 Bb4 11. Nc3 Nf5 12. Bb5 Bxc3 13. Bxc6 Bxd2+ 14. Nxd2 Bxc6 15. O-O Nxd4 16. Kh1 Nf5 17. Rf3 h5 18. Nb3 Qb6 19. Rh3 g6 20. Rc1 d4 21. Qe2 Ne3 22. Rg3 h4 23. Rxe3 dxe3 24. h3 O-O-O 25. Nc5 Rd2 0-1


[Site "https://www.chess.com"]

[Event "Titled Tuesday Blitz July 25 Early 2023"]
[White "Khamdamova, Afruza"]
[Black "Dwilewicz, Katarzyna"]
[WhiteFideId "14210444"]
[BlackFideId "1148486"]
[WhiteElo "2530"]
[BlackElo "2376"]
[Result "0-1"]
[Round "10"]
[TimeControl "180+2"]
[Date "2023.07.25"]
[WhiteClock "0:00:00"]
[BlackClock "0:00:04"]
[Board "82"]

1. Nf3 c5 2. g3 Nc6 3. Bg2 e5 4. d3 d5 5. O-O Nf6 6. Bg5 h6 7. Bxf6 Qxf6 8. c4 d4 9. Nbd2 Be6 10. Qb3 Qe7 11. Rfb1 g6 12. Qb5 a6 13. Qb6 Rc8 14. a3 Qc7 15. Qb3 f5 16. Qa4 Bd6 17. b4 O-O 18. bxc5 Bxc5 19. Nh4 Kg7 20. Bxc6 Qxc6 21. Qxc6 bxc6 22. Rb7+ Rf7 23. Rab1 Rcc7 24. Rxc7 Rxc7 25. a4 a5 26. f4 Bb4 27. Ndf3 g5 28. fxg5 hxg5 29. Nxg5 Bd7 30. Rf1 Kf6 31. Ne4+ Ke6 32. Ng5+ Kf6 33. Ngf3 c5 34. g4 Bxa4 35. Nxf5 Bb3 36. N3xd4 exd4 37. Nxd4+ Ke5 38. Nxb3 a4 39. Rf5+ Ke6 40. Nc1 a3 41. Na2 Rb7 42. Rf1 Bd2 43. Ra1 Be3+ 44. Kg2 Bd4 45. Rd1 Rb2 46. Nc1 a2 47. Nxa2 Rxe2+ 48. Kf3 Rxa2 49. h4 Rf2+ 50. Ke4 Re2+ 51. Kf3 Re3+ 52. Kf4 Rh3 53. h5 Be5+ 54. Kg5 Bf6+ 55. Kg6 Rg3 56. Re1+ Be5 57. g5 Kd6 58. Kf5 Rf3+ 59. Kg6 Rxd3 60. h6 Rg3 61. Rf1 Rg4 62. h7 Rxc4 63. Rd1+ Ke6 64. Rh1 Re4 0-1


[Site "https://www.chess.com"]

[Event "Titled Tuesday Blitz July 25 Early 2023"]
[White "Rodriguez Santiago, Jaime"]
[Black "Shapiro, Viktor"]
[WhiteFideId "3100898"]
[BlackFideId "4175700"]
[WhiteElo "2374"]
[BlackElo "2530"]
[Result "0-1"]
[Round "10"]
[TimeControl "180+2"]
[Date "2023.07.25"]
[WhiteClock "0:00:25"]
[BlackClock "0:01:36"]
[Board "83"]

1. c4 Nf6 2. Nc3 c5 3. g3 Nc6 4. Bg2 d6 5. e4 e6 6. Nge2 Be7 7. d3 a6 8. a4 O-O 9. O-O Rb8 10. h3 Bd7 11. Be3 Ne8 12. Rb1 Nc7 13. f4 b5 14. axb5 axb5 15. cxb5 Nxb5 16. Nxb5 Rxb5 17. d4 cxd4 18. Nxd4 Rb4 19. Qd2 Qb8 20. Rfc1 Na5 21. Bf1 e5 22. fxe5 dxe5 23. Nf3 Rxe4 24. Bd3 Nb3 25. Qe2 Nxc1 26. Rxc1 Rb4 27. Rc2 e4 28. Bxe4 Rxe4 29. Qd3 Qxg3+ 0-1


[Site "https://www.chess.com"]

[Event "Titled Tuesday Blitz July 25 Early 2023"]
[White "Vujacic, Igor"]
[Black "Tokman, Ariel"]
[WhiteFideId "932620"]
[BlackFideId "117420"]
[WhiteElo "2374"]
[BlackElo "2529"]
[Result "1-0"]
[Round "10"]
[TimeControl "180+2"]
[Date "2023.07.25"]
[WhiteClock "0:00:15"]
[BlackClock "0:01:04"]
[Board "84"]

1. d4 d5 2. Bf4 c6 3. e3 Nf6 4. c4 g6 5. Nc3 Bg7 6. h3 a6 7. c5 O-O 8. Nf3 Ne4 9. Nxe4 dxe4 10. Nd2 f5 11. Nc4 Nd7 12. b4 Nf6 13. Nb6 Be6 14. Nxa8 Qxa8 15. Be5 Bh6 16. a3 Rd8 17. Qc2 Nd5 18. Bc4 Qc8 19. O-O Qd7 20. Qb3 Bf7 21. a4 g5 22. b5 axb5 23. axb5 f4 24. Ra7 g4 25. exf4 cxb5 26. Bxb5 Qc8 27. Bc4 e6 28. Qg3 1-0


[Site "https://www.chess.com"]

[Event "Titled Tuesday Blitz July 25 Early 2023"]
[White "Skliarov, Viktor"]
[Black "Michalczak, Thomas"]
[WhiteFideId "14106736"]
[BlackFideId "4622634"]
[WhiteElo "2652"]
[BlackElo "2480"]
[Result "1-0"]
[Round "10"]
[TimeControl "180+2"]
[Date "2023.07.25"]
[WhiteClock "0:01:04"]
[BlackClock "0:00:46"]
[Board "85"]

1. e4 e5 2. Nc3 Nf6 3. Bc4 Nxe4 4. Qh5 Nd6 5. Bb3 Be7 6. Qxe5 O-O 7. d4 Nc6 8. Qf4 Bf6 9. Nge2 Na5 10. Nd5 Be7 11. Nxe7+ Qxe7 12. Bd5 Re8 13. Bf3 Nc6 14. O-O b6 15. b3 Bb7 16. c4 Nb4 17. Bxb7 Nxb7 18. Ng3 Nd6 19. Qg4 Nc2 20. Rb1 Ne4 21. Bh6 g6 22. d5 Nxg3 23. hxg3 Ne3 24. Bxe3 1-0


[Site "https://www.chess.com"]

[Event "Titled Tuesday Blitz July 25 Early 2023"]
[White "Nurgaliyeva, Zarina"]
[Black "Papayan, Oleg"]
[WhiteFideId "13730096"]
[BlackFideId "4193911"]
[WhiteElo "2583"]
[BlackElo "2480"]
[Result "1/2-1/2"]
[Round "10"]
[TimeControl "180+2"]
[Date "2023.07.25"]
[WhiteClock "0:00:03"]
[BlackClock "0:00:10"]
[Board "86"]

1. e4 d5 2. exd5 Qxd5 3. Nc3 Qd8 4. d4 Nf6 5. Nf3 Bf5 6. Ne5 Nbd7 7. Bf4 Nxe5 8. Bxe5 e6 9. Be2 Bb4 10. O-O Bxc3 11. bxc3 O-O 12. Bf3 c6 13. Rb1 Qd7 14. Bxf6 gxf6 15. g4 Bg6 16. h4 h5 17. gxh5 Bf5 18. Kh1 Kh7 19. Rg1 Rg8 20. Qe2 Qc7 21. Qd2 b6 22. h6 Rad8 23. Rxg8 Rxg8 24. Rg1 Rxg1+ 25. Kxg1 Qd6 26. Bh5 Qf8 27. Kf1 Bg6 28. Bxg6+ Kxg6 29. Qd3+ Kxh6 30. Qe3+ Kg6 31. Qe4+ f5 32. Qg2+ Kh7 33. Qxc6 Qh6 34. Qc7 Kg8 35. Qxa7 Qxh4 36. Qxb6 Qh1+ 37. Ke2 Qe4+ 38. Kd2 Qf4+ 39. Kd3 Qxf2 40. Qd8+ Kg7 41. Qg5+ Kh7 42. Qf6 Qf1+ 43. Kd2 Qf4+ 44. Kd1 Qf1+ 45. Kd2 Qf4+ 46. Kd3 Qf1+ 47. Kd2 1/2-1/2


[Site "https://www.chess.com"]

[Event "Titled Tuesday Blitz July 25 Early 2023"]
[White "Erzhanov, Arman"]
[Black "Trifan, Andrei Ioan"]
[WhiteFideId "4138821"]
[BlackFideId "12967068"]
[WhiteElo "2475"]
[BlackElo "2565"]
[Result "0-1"]
[Round "10"]
[TimeControl "180+2"]
[Date "2023.07.25"]
[WhiteClock "0:01:14"]
[BlackClock "0:00:29"]
[Board "87"]

1. e4 e5 2. Nf3 Nc6 3. Bb5 a6 4. Bxc6 dxc6 5. Nc3 f6 6. d4 exd4 7. Nxd4 c5 8. Nde2 Qxd1+ 9. Nxd1 Bd6 10. Bf4 Ne7 11. Ne3 Be6 12. O-O-O O-O-O 13. Rd2 Bxf4 14. Nxf4 Rxd2 15. Kxd2 Rd8+ 16. Ke2 Bf7 17. f3 Nc6 18. b3 Nd4+ 19. Ke1 c6 20. h4 Kc7 21. h5 h6 22. Rh3 Ne6 23. Nxe6+ Bxe6 24. Rg3 Rd7 25. f4 Re7 26. Kf2 Kb6 27. Kf3 Ka5 28. c3 b5 29. f5 Bf7 30. Kf4 Bxh5 31. Ng4 Bxg4 32. Rxg4 c4 33. Rg3 cxb3 34. axb3 Rd7 35. e5 fxe5+ 36. Kxe5 c5 37. Ke6 Rc7 38. Kd6 Kb6 39. Kd5 Ka5 40. Rg6 c4 41. b4+ Ka4 42. Rxa6+ Kb3 43. Kd4 Rd7+ 44. Kc5 Kxc3 45. Ra3+ Kb2 46. Rf3 c3 47. Kxb5 c2 48. Rf1 Rf7 49. g4 h5 50. gxh5 c1=Q 51. Rxc1 Kxc1 52. Kc6 Rxf5 53. b5 Rxh5 54. b6 Rh8 55. b7 g5 56. Kc7 g4 57. b8=Q Rxb8 58. Kxb8 g3 59. Kc7 g2 60. Kd6 g1=Q 61. Ke5 Qd1 62. Ke4 Qd2 63. Ke5 Kc2 64. Ke4 Kc3 65. Ke5 Kc4 0-1


[Site "https://www.chess.com"]

[Event "Titled Tuesday Blitz July 25 Early 2023"]
[White "Eynullayev, Atilla"]
[Black "Estrada Nieto, Julian"]
[WhiteFideId "13413570"]
[BlackFideId "5101018"]
[WhiteElo "2539"]
[BlackElo "2467"]
[Result "0-1"]
[Round "10"]
[TimeControl "180+2"]
[Date "2023.07.25"]
[WhiteClock "0:00:24"]
[BlackClock "0:00:08"]
[Board "88"]

1. d4 d5 2. c4 dxc4 3. Nf3 Nf6 4. e3 e6 5. Bxc4 a6 6. O-O c5 7. dxc5 Bxc5 8. Qxd8+ Kxd8 9. Rd1+ Ke7 10. Nbd2 Nbd7 11. Be2 b6 12. Nb3 Bd6 13. Bd2 Bb7 14. Bc3 Rhg8 15. Nfd4 Ne4 16. Be1 Rac8 17. Bf3 Ne5 18. Be2 Nc4 19. f3 Nf6 20. Bxc4 Rxc4 21. Bg3 Bxg3 22. hxg3 Rgc8 23. Kf2 g6 24. Rac1 e5 25. Rxc4 Rxc4 26. Ne2 h5 27. Nc3 Rc8 28. e4 Nd7 29. Ke2 Nc5 30. Nd2 Ne6 31. Nb3 Nc5 32. Nxc5 Rxc5 33. Ke3 b5 34. Kd3 a5 35. b3 b4 36. Na4 Ba6+ 37. Kd2 Rc6 38. Nb2 Rd6+ 39. Ke1 Rxd1+ 40. Nxd1 Kd6 41. Ne3 Kc5 42. Kd2 Bb5 43. Ke1 Kd4 44. Kd2 Bd3 45. Nd5 Bb1 46. Nb6 Bxa2 47. Kc2 Ke3 48. Nc4+ Kf2 49. Nxe5 Kxg2 50. Nxf7 Kxg3 51. Ng5 Kf4 52. Nh3+ Kxf3 53. e5 a4 54. bxa4 Ke4 55. Kb2 Bc4 56. e6 Bxe6 57. Ng5+ Kd5 58. a5 Bc8 59. Kb3 Kc5 60. Ne4+ Kb5 61. Nd6+ Kxa5 62. Nxc8 h4 63. Nd6 g5 64. Ne4 g4 65. Nf2 g3 66. Nh3 g2 67. Ng1 Kb5 68. Kc2 Kc4 69. Kb2 Kd4 70. Kb3 Ke3 71. Kxb4 Kf2 72. Nh3+ Kg3 73. Ng1 h3 74. Ne2+ Kf2 75. Nf4 h2 76. Nh3+ Kf1 77. Kc3 g1=Q 78. Kd3 Qg2 79. Nf4 Qf3+ 80. Kd4 Qxf4+ 0-1


[Site "https://www.chess.com"]

[Event "Titled Tuesday Blitz July 25 Early 2023"]
[White "Rietze, Clemens, Dr."]
[Black "Jaskolka, Tomasz"]
[WhiteFideId "24620351"]
[BlackFideId "1170791"]
[WhiteElo "2465"]
[BlackElo "2529"]
[Result "0-1"]
[Round "10"]
[TimeControl "180+2"]
[Date "2023.07.25"]
[WhiteClock "0:00:15"]
[BlackClock "0:00:15"]
[Board "89"]

1. d4 d5 2. c4 e5 3. dxe5 d4 4. Nf3 Nc6 5. g3 Nge7 6. Bg5 h6 7. Bd2 Ng6 8. Bf4 Bb4+ 9. Nbd2 Qe7 10. Bg2 Ncxe5 11. O-O Nxf4 12. gxf4 Ng6 13. Nxd4 Bg4 14. Bxb7 O-O 15. Bf3 Bh3 16. Nc6 Qc5 17. Nb3 Qxc4 18. Rc1 Qxf4 19. Nxb4 Nh4 20. Kh1 Nxf3 21. exf3 Bxf1 22. Nd5 Qd6 23. Nxc7 Qxd1 24. Rxd1 Be2 25. Rd4 Bxf3+ 26. Kg1 Rac8 27. Rd3 Be4 28. Rc3 Rfd8 29. f3 Bxf3 30. Rxf3 Rxc7 31. Kf2 Rc2+ 32. Kg3 Rxb2 33. Nc5 Rxa2 34. Ne4 Rd4 35. Nc5 Rc2 36. Nb3 Rdc4 37. h4 R4c3 38. Nd4 Rxf3+ 39. Kxf3 Rc3+ 40. Ke2 Rc4 41. Nf5 Rf4 42. Ne7+ Kf8 43. Nd5 Rxh4 44. Ke3 Rh5 45. Nb4 f6 46. Nc6 a5 47. Kd3 a4 48. Kc4 a3 49. Kb3 Rc5 50. Nd4 Rd5 51. Ne6+ Kf7 52. Nf4 Rd4 53. Ne2 a2 54. Nxd4 a1=Q 55. Nc6 Qb1+ 56. Kc4 Qc1+ 57. Kd5 Qxc6+ 58. Kxc6 h5 59. Kd5 g5 60. Kc6 h4 61. Kd5 h3 62. Kc6 h2 63. Kd5 h1=Q+ 0-1


[Site "https://www.chess.com"]

[Event "Titled Tuesday Blitz July 25 Early 2023"]
[White "Terletsky, Oleg"]
[Black "Dinu, Dumitru-Daniel"]
[WhiteFideId "14116774"]
[BlackFideId "1208403"]
[WhiteElo "2519"]
[BlackElo "2464"]
[Result "0-1"]
[Round "10"]
[TimeControl "180+2"]
[Date "2023.07.25"]
[WhiteClock "0:00:05"]
[BlackClock "0:01:03"]
[Board "90"]

1. e4 c5 2. Nf3 Nc6 3. d4 cxd4 4. Nxd4 Nf6 5. Nc3 e5 6. Ndb5 d6 7. Bg5 a6 8. Na3 b5 9. Nd5 Be7 10. Bxf6 Bxf6 11. c3 Ne7 12. Nxf6+ gxf6 13. Nc2 Bb7 14. Bd3 d5 15. exd5 Qxd5 16. Ne3 Qc6 17. a4 O-O-O 18. axb5 axb5 19. Qe2 Nd5 20. Bxb5 Qb6 21. Nxd5 Rxd5 22. Ba6 Rg8 23. Bxb7+ Qxb7 24. f3 Rgd8 25. O-O Rd2 26. Qc4+ Kb8 27. Ra4 Rxb2 28. Rfa1 Qb6+ 29. Kh1 Rb1+ 30. Qf1 Rxf1+ 31. Rxf1 Kc7 0-1


[Site "https://www.chess.com"]

[Event "Titled Tuesday Blitz July 25 Early 2023"]
[White "To, Nhat Minh"]
[Black "Rosh Jain"]
[WhiteFideId "729019"]
[BlackFideId "25789465"]
[WhiteElo "2518"]
[BlackElo "2445"]
[Result "0-1"]
[Round "10"]
[TimeControl "180+2"]
[Date "2023.07.25"]
[WhiteClock "0:00:01"]
[BlackClock "0:02:12"]
[Board "91"]

1. e4 c5 2. Nf3 d6 3. d4 cxd4 4. Nxd4 Nf6 5. Nc3 a6 6. Bc4 e6 7. Bb3 b5 8. a3 Be7 9. Be3 Bb7 10. f3 O-O 11. Qe2 Nbd7 12. O-O-O Qc7 13. Kb1 Nc5 14. g4 Rab8 15. h4 Ba8 16. h5 Nxb3 17. cxb3 b4 18. axb4 Rxb4 19. g5 Nd7 20. g6 e5 21. Nf5 Bf6 22. gxh7+ Kxh7 23. Rxd6 Rxb3 24. Rxf6 Nxf6 25. Rg1 Qxc3 26. Rxg7+ Kh8 27. Bg5 Rfb8 28. Bxf6 Rxb2+ 29. Ka1 Rb1+ 30. Ka2 Qa1# 0-1


[Site "https://www.chess.com"]

[Event "Titled Tuesday Blitz July 25 Early 2023"]
[White "Balla, Tamas-Kristof"]
[Black "Kaplan, Avi Harrison"]
[WhiteFideId "1208497"]
[BlackFideId "30934559"]
[WhiteElo "2432"]
[BlackElo "2515"]
[Result "1-0"]
[Round "10"]
[TimeControl "180+2"]
[Date "2023.07.25"]
[WhiteClock "0:00:16"]
[BlackClock "0:00:23"]
[Board "92"]

1. e4 b6 2. d4 Bb7 3. Bd3 f5 4. exf5 Bxg2 5. Qh5+ g6 6. fxg6 Bg7 7. gxh7+ Kf8 8. Bh6 Nxh6 9. Nf3 Bxh1 10. Ne5 Bxe5 11. Qxh6+ Bg7 12. Qf4+ Bf6 13. Qh6+ Kf7 14. Qh5+ Ke6 15. Nc3 Qe8 16. d5+ Kd6 17. Nb5+ Kc5 18. b4+ Kxb4 19. Qg4+ Ka5 20. Rb1 c5 21. Nc7 Bc3+ 22. Kf1 a6 23. Qc4 Bb4 24. a3 b5 25. axb4+ Kb6 26. Qxc5+ Kb7 27. Nxe8 Rxe8 28. Ke2 d6 29. Qd4 e5 30. Qh4 Bxd5 31. h8=Q Nc6 32. Qg7+ Kb6 33. Qhh7 Ra7 34. Qxa7+ Nxa7 35. Qd7 Re6 36. Bf5 Rh6 37. Rd1 Bc6 38. Rxd6 Rxd6 39. Qxd6 e4 40. Bd7 e3 41. Bxc6 Nxc6 42. fxe3 a5 43. Qc5+ Kc7 44. Qxb5 Nd8 45. Qxa5+ Kd7 46. Qd5+ Kc7 47. Qxd8+ Kxd8 48. h4 Kd7 49. h5 Ke7 50. h6 Kd7 51. b5 Kc7 52. h7 Kb6 53. h8=Q Kxb5 54. Qc3 Ka4 55. Qb2 Ka5 56. Kd3 Ka6 57. Kc4 Ka7 58. Kc5 Ka8 59. Kc6 Ka7 60. Qb7# 1-0


[Site "https://www.chess.com"]

[Event "Titled Tuesday Blitz July 25 Early 2023"]
[White "Iljin, Timofey"]
[Black "Womacka, Mathias"]
[WhiteFideId "14110180"]
[BlackFideId "4611390"]
[WhiteElo "2422"]
[BlackElo "2509"]
[Result "1-0"]
[Round "10"]
[TimeControl "180+2"]
[Date "2023.07.25"]
[WhiteClock "0:00:06"]
[BlackClock "0:00:08"]
[Board "93"]

1. e4 c5 2. c3 d5 3. exd5 Qxd5 4. d4 Nf6 5. Nf3 e6 6. Bd3 Be7 7. O-O O-O 8. h3 Nc6 9. a3 b6 10. Re1 Bb7 11. Bg5 Rfd8 12. Be3 Rac8 13. Nbd2 cxd4 14. cxd4 Qd7 15. Rc1 Nd5 16. Qe2 g6 17. Ne4 Qc7 18. Ne5 Qb8 19. Nxc6 Rxc6 20. Rcd1 Nf4 21. Qf3 Nxd3 22. Rxd3 Rc2 23. Nf6+ Kg7 24. Nh5+ gxh5 25. Bh6+ Kg6 26. Qe3 f6 27. Bf4 Qc8 28. Qg3+ Kf7 29. Qh4 Rg8 30. Qxh5+ Kg7 31. d5 Bxd5 32. Rxd5 exd5 33. Rxe7+ Kf8 34. Qf7# 1-0


[Site "https://www.chess.com"]

[Event "Titled Tuesday Blitz July 25 Early 2023"]
[White "Tobak, Mikhail"]
[Black "Shturman, Arseniy"]
[WhiteFideId "14165570"]
[BlackFideId "34275797"]
[WhiteElo "2415"]
[BlackElo "2501"]
[Result "0-1"]
[Round "10"]
[TimeControl "180+2"]
[Date "2023.07.25"]
[WhiteClock "0:00:39"]
[BlackClock "0:00:08"]
[Board "94"]

1. e4 c5 2. Nf3 Nc6 3. d4 cxd4 4. Nxd4 Nf6 5. Nc3 e5 6. Ndb5 d6 7. Bg5 a6 8. Na3 b5 9. Bxf6 gxf6 10. Nd5 f5 11. Bd3 Be6 12. Qh5 Rg8 13. g3 Rg5 14. Qd1 Bxd5 15. exd5 Ne7 16. c4 e4 17. Be2 Bg7 18. h4 Rg6 19. Rb1 e3 20. fxe3 Rxg3 21. Kf2 f4 22. exf4 Nf5 23. Qc2 Qb6+ 24. c5 Bd4+ 25. Ke1 Qa5+ 26. b4 Qxa3 27. Qxf5 Qc3+ 28. Kd1 Kf8 29. c6 Re8 30. Re1 Rxe2 31. Kxe2 Rg2+ 0-1


[Site "https://www.chess.com"]

[Event "Titled Tuesday Blitz July 25 Early 2023"]
[White "Shubenkova, Veronika"]
[Black "Kayis, Gulcan Sena"]
[WhiteFideId "44124040"]
[BlackFideId "34553045"]
[WhiteElo "2498"]
[BlackElo "2375"]
[Result "1-0"]
[Round "10"]
[TimeControl "180+2"]
[Date "2023.07.25"]
[WhiteClock "0:01:49"]
[BlackClock "0:00:14"]
[Board "95"]

1. e4 e6 2. d4 d5 3. exd5 exd5 4. Nf3 Bd6 5. c3 Nc6 6. Bd3 Bg4 7. O-O Qd7 8. Nbd2 Nge7 9. a4 O-O-O 10. b4 Ng6 11. Re1 Nf4 12. Bf1 Kb8 13. a5 f6 14. b5 Ne7 15. Ba3 h5 16. Qb3 h4 17. b6 cxb6 18. axb6 a6 19. Ra2 h3 20. g3 Ne6 21. Rea1 Qc6 22. Bxd6+ Rxd6 23. c4 dxc4 24. Nxc4 Nxd4 25. Nxd4 Rxd4 26. Na5 Qd5 27. Qa3 Nc8 28. Qc3 Re8 29. Qc7+ Ka8 30. Nxb7 Na7 31. Rxa6 Rd1 32. Rxa7# 1-0


[Site "https://www.chess.com"]

[Event "Titled Tuesday Blitz July 25 Early 2023"]
[White "SmirnovAlexandrA"]
[Black "LLariMarc"]
[WhiteElo "2497"]
[BlackElo "2374"]
[Result "1-0"]
[Round "10"]
[TimeControl "180+2"]
[Date "2023.07.25"]
[WhiteClock "0:01:16"]
[BlackClock "0:01:17"]
[Board "96"]

1. e4 e6 2. d4 d5 3. Nc3 Nf6 4. e5 Nfd7 5. Nf3 c5 6. dxc5 Bxc5 7. Bd3 Nc6 8. Bf4 Qb6 9. O-O O-O 10. Bxh7+ Kxh7 11. Ng5+ Kg6 12. Qd3+ f5 13. exf6+ Kxf6 14. Rae1 Nd8 15. g4 Ke7 16. Nxd5+ Ke8 17. Nxb6 Nxb6 18. Bg3 Rf6 19. Kg2 Bd7 20. f4 Bc6+ 21. Rf3 Bxf3+ 22. Nxf3 Rc8 23. f5 Rc6 24. g5 Rf8 25. h4 Nd7 26. h5 Kf7 27. Qxd7+ Be7 28. fxe6+ Nxe6 29. Ne5+ 1-0


[Site "https://www.chess.com"]

[Event "Titled Tuesday Blitz July 25 Early 2023"]
[White "Roberson, Peter T"]
[Black "Buscar, Michael"]
[WhiteFideId "412384"]
[BlackFideId "2603616"]
[WhiteElo "2494"]
[BlackElo "2359"]
[Result "0-1"]
[Round "10"]
[TimeControl "180+2"]
[Date "2023.07.25"]
[WhiteClock "0:00:00"]
[BlackClock "0:00:27"]
[Board "97"]

1. Nc3 Nf6 2. g4 Nxg4 3. e4 Ne5 4. d4 Ng6 5. f4 e5 6. Nf3 exf4 7. h4 h5 8. Bd3 d6 9. Qe2 Bg4 10. Bd2 Nc6 11. Qf2 Bxf3 12. Qxf3 Nxd4 13. Qf2 Ne6 14. O-O-O Be7 15. Nd5 Bxh4 16. Qg2 Bg3 17. Bc3 h4 18. e5 Nxe5 19. Bf5 O-O 20. Kb1 c6 21. Bxe5 dxe5 22. Bxe6 fxe6 23. Nxf4 exf4 24. Rxd8 Raxd8 25. Qe4 Rf6 26. b4 f3 27. Rf1 f2 28. b5 Rd5 29. bxc6 bxc6 30. a4 Re5 31. Qc4 Re1+ 32. Ka2 Rf4 33. Qxc6 Rxf1 34. Qe8+ Rf8 35. Qxe6+ Kh8 36. Qe4 Ra1+ 37. Kxa1 f1=Q+ 38. Ka2 Qf7+ 0-1


[Site "https://www.chess.com"]

[Event "Titled Tuesday Blitz July 25 Early 2023"]
[White "Mmukka"]
[Black "Lopez Del Alamo, Antonio"]
[BlackFideId "2227339"]
[WhiteElo "2491"]
[BlackElo "2355"]
[Result "0-1"]
[Round "10"]
[TimeControl "180+2"]
[Date "2023.07.25"]
[WhiteClock "0:00:00"]
[BlackClock "0:00:33"]
[Board "98"]

1. e4 c5 2. Nf3 e6 3. d4 cxd4 4. Nxd4 Nf6 5. Nc3 Nc6 6. a3 d6 7. Be2 Be7 8. Be3 O-O 9. O-O Re8 10. f4 e5 11. Nb3 exf4 12. Bxf4 Be6 13. Kh1 a6 14. Nd4 Rc8 15. Nxe6 fxe6 16. Qd2 Ne5 17. Rad1 Qc7 18. Qd4 b5 19. Qe3 Qc5 20. Qh3 Bf8 21. Be3 Qc6 22. Qh4 Ng6 23. Qf2 Ne5 24. Qh4 Nc4 25. Bxc4 Qxc4 26. Rf3 Rc7 27. Rg3 Rf7 28. Rf1 Qxf1+ 29. Bg1 Nd7 30. Rh3 h6 31. Rg3 Qf4 32. Qh5 Nf6 33. Qg6 Rc8 34. Be3 Qf1+ 35. Bg1 Rxc3 36. bxc3 d5 37. e5 Bc5 0-1


[Site "https://www.chess.com"]

[Event "Titled Tuesday Blitz July 25 Early 2023"]
[White "kiwibobo"]
[Black "Yeritsyan, Hayk"]
[BlackFideId "13307320"]
[WhiteElo "2345"]
[BlackElo "2488"]
[Result "0-1"]
[Round "10"]
[TimeControl "180+2"]
[Date "2023.07.25"]
[WhiteClock "0:00:25"]
[BlackClock "0:02:13"]
[Board "99"]

1. e4 d6 2. Ke2 c5 3. Ke1 Nc6 4. Nf3 Nf6 5. Nc3 g6 6. d4 cxd4 7. Nxd4 Bg7 8. Be3 O-O 9. Be2 Bd7 10. f3 a6 11. Kf2 Rc8 12. Re1 b5 13. Kg1 Ne5 14. a4 b4 15. Nd5 Nxd5 16. exd5 a5 17. Bb5 Nc4 18. Bf2 Nxb2 19. Qe2 Bxb5 20. Nxb5 Nc4 21. Rad1 Na3 22. Qxe7 Qxe7 23. Rxe7 Nxb5 24. axb5 Rxc2 25. Ra7 b3 26. b6 b2 27. Be3 Re2 28. b7 Rxe3 0-1


[Site "https://www.chess.com"]

[Event "Titled Tuesday Blitz July 25 Early 2023"]
[White "Ruge, Edison"]
[Black "Onufrienko, Vladislav"]
[WhiteFideId "4401000"]
[BlackFideId "13804332"]
[WhiteElo "2257"]
[BlackElo "2487"]
[Result "0-1"]
[Round "10"]
[TimeControl "180+2"]
[Date "2023.07.25"]
[WhiteClock "0:00:12"]
[BlackClock "0:00:06"]
[Board "100"]

1. e4 Nf6 2. e5 Nd5 3. c4 Nb6 4. c5 Nd5 5. Bc4 e6 6. Nc3 Nxc3 7. bxc3 Qg5 8. Nf3 Qxg2 9. Rg1 Qh3 10. d4 d6 11. Rg3 Qh5 12. Rg5 Qh3 13. Bf1 Qh6 14. Rg4 Qh5 15. Rh4 Qg6 16. Bd3 f5 17. exf6 Qxf6 18. Bg5 Qf7 19. Bxh7 dxc5 20. Qd3 c4 21. Qe4 Rxh7 22. Rxh7 Bd7 23. Ne5 Qf5 24. Qxf5 exf5 25. Rh8 Be6 26. Ng6 Nd7 27. O-O-O Kf7 28. Nxf8 Nxf8 29. d5 Bd7 30. Re1 Re8 31. Rxe8 Bxe8 32. Rh3 c6 33. d6 Ne6 34. Be3 b6 35. f4 c5 36. Rh8 a5 37. h4 b5 38. a3 b4 39. Kb2 b3 40. h5 a4 41. h6 gxh6 42. Rxh6 Bc6 43. Rh7+ Kf8 44. Re7 Bd5 45. Ra7 Ke8 46. Rxa4 Kd7 47. Ra6 Bc6 48. Ra4 Bxa4 49. Kc1 Kxd6 50. Kb2 Kd5 51. Kc1 Ke4 52. Bd2 Nxf4 53. Kb2 Nd5 0-1


[Site "https://www.chess.com"]